Cogmind - Beta 16 @@@ ROGUE MODE // 2026.01.25 @ 18:09:17 Player: Johnny5001 Result: Destroyed self via exploding Neutrino Reactor Performance ------------- Evolutions (0) 0 Regions Visited (1) 200 Robots Destroyed (23) 115 Value Destroyed (554) 554 Prototype IDs (0) 0 Alien Tech Used (0) 0 Bonus (0) 0 TOTAL SCORE: 869 Bonus ------- None Cogmind --------- Core Integrity 0/250 Matter 300/300 Energy 100/100 System Corruption 4% Temperature Cool (0) Movement Core (150) Ox2 Location -10/Materials Parts ------- > --- POWER (1) -------- (None) > --- PROPULSION (2) --- (None) > --- UTILITY (2) ------ Small Storage Unit > --- WEAPON (2) ------- Mining Claw > --- INVENTORY (8) ---- Light Ion Engine Aluminum Leg Improved Heat Sink Huge Storage Unit Particle Gun Light Assault Rifle Peak State ------------ > --- POWER ------------ Light Ion Engine > --- PROPULSION ------- Light Treads Light Treads > --- UTILITY ---------- Small Storage Unit Seismic Detector > --- WEAPON ----------- Light Assault Rifle Mining Claw > --- INVENTORY -------- Light Treads Aluminum Leg Aluminum Leg Improved Heat Sink Huge Storage Unit EM Pulse Gun Medium Laser Mining Laser [Rating: 8] Favorites ----------- Power Light Ion Engine Engine Light Ion Engine Propulsion Light Treads Treads Light Treads Leg Aluminum Leg Utility Small Storage Unit Device Seismic Detector Storage Small Storage Unit Weapon Mining Claw Energy Gun Medium Laser Ballistic Gun Light Assault Rifle Slashing Weapon Mining Claw Build | -11 -10 ------- Run | Yrd Mat Slots Evolved . | . . Power . | . . Propulsion . | . . Utility . | . . Weapon . | . . Parts Attached 11 | 2 9 Power 2 | . 2 Engine 2 | . 2 Core . | . . Reactor . | . . Propulsion 4 | 2 2 Treads 3 | 2 1 Leg 1 | . 1 Wheel . | . . Hover . | . . Flight . | . . Utility 3 | . 3 Device 2 | . 2 Storage 1 | . 1 Processor . | . . Hackware . | . . Protection . | . . Artifact . | . . Weapon 2 | . 2 Energy Gun . | . . Energy Cannon . | . . Ballistic Gun . | . . Ballistic Cannon . | . . Launcher . | . . Special Weapon . | . . Impact Weapon . | . . Slashing Weapon 2 | . 2 Piercing Weapon . | . . Special Melee Weapon . | . . Unidentified Prototypes . | . . Parts Lost 9 | . 9 Power 3 | . 3 Propulsion 4 | . 4 Utility 1 | . 1 Weapon 1 | . 1 Highest Loss Streak 4 | . 4 To Critical Strikes . | . . Average Backups 6 | 6 6 Power . | 1 . Propulsion 2 | 4 2 Utility 1 | . 1 Weapon 2 | 1 2 Tool/Special . | . . Unused Backups 11 | . 11 Power 1 | . 1 Propulsion 3 | . 3 Utility 2 | . 2 Weapon 5 | . 5 Tool/Special . | . . Average Slot Usage (%) 94 | . 94 Engine 11 | . 11 Treads 22 | . 22 Leg 3 | . 3 Device 12 | . 12 Storage 14 | . 14 Energy Gun 4 | . 4 Ballistic Gun 7 | . 7 Slashing Weapon 15 | . 15 Peak Build Rating 8 | 6 8 Average Rating 6 | 6 6 On Entrance 6 | 6 6 Avg Prop Armor Cover (%) 10 | . 10 Naked Turns . | . . Heaviest Build 15 | 11 15 Greatest Support 40 | 40 40 Greatest Overweight (x) 3 | . 3 Average Overweight (x) . | . . Largest Inventory Capacity 25 | 8 25 Average Capacity 9 | 8 9 Most Carried 8 | 8 8 Average Carried 6 | 6 6 Final Capacity 8 | 8 8 Final Carried 8 | 8 6 Class Distribution -------------------- 100% | Mutant Dominant Class ---------------- Mutant | -10/Materials Resources | -11 -10 ----------- Run | Yrd Mat Matter Collected 364 | 242 122 Remotely . | . . Salvage Created 856 | 159 697 Parts 45 | 10 35 Haulers Intercepted 1 | . 1 Recyclers Shooed 5 | . 5 Parts Field Recycled . | . . Retrieved Matter . | . . Parts Self-Destructed . | . . Prevented . | . . Parts Restored . | . . Kills | -11 -10 ------- Run | Yrd Mat Combat Hostiles Destroyed 12 | . 12 Melee 8 | . 8 Guns 2 | . 2 AOE 2 | . 2 Classes Destroyed 7 | 2 5 Worker 1 | . 1 Tunneler 5 | 5 . Hauler 1 | . 1 Recycler 3 | 1 2 Watcher 1 | . 1 Swarmer 3 | . 3 Grunt 9 | . 9 Best Kill Streak 4 | 2 4 Combat Bots Only 3 | . 3 Max Kills in Single Turn 2 | 1 2 Gunslinging . | . . Exploded 2 | . 2 Melee 1 | . 1 Uniques/NPCs Destroyed . | . . Combat | -11 -10 -------- Run | Yrd Mat Hostile Shots Fired 96 | . 96 Missed 23 | . 23 Hits 73 | . 73 Projectile 73 | . 73 Critical Strikes 3 | . 3 Part Disruptions 1 | . 1 Damage Taken 1147 | . 1147 Core 251 | . 251 Absorbed by Shields . | . . Core Remaining (%) 100 | 100 . Volleys Fired 44 | 22 22 Largest 2 | 2 2 Hottest 70 | 70 70 Shots Fired 84 | 44 40 Gun 84 | 44 40 Cannon . | . . Launcher . | . . Special . | . . Kinetic 44 | 22 22 Thermal 40 | 22 18 Explosive . | . . Electromagnetic . | . . Robot Hit Streak 7 | 6 7 Robot Miss Streak 2 | 2 2 Penetration Max . | . . Secondary Targets . | . . Shots Hit Robots 84 | 28 56 Core Hits 40 | 10 30 Critical Kills . | . . Critical Parts Destroyed . | . . Critical Strikes 2 | 2 . Burn 2 | 2 . Melee Attacks 73 | . 73 Impact . | . . Slashing 73 | . 73 Piercing . | . . Sneak Attacks 5 | . 5 Combat Hostiles . | . . Follow-up Attacks 3 | . 3 Damage Inflicted 1511 | 282 1229 Guns 552 | 282 270 Cannons . | . . Explosions 177 | . 177 Melee 782 | . 782 Ramming . | . . Kinetic 215 | 110 105 Thermal 337 | 172 165 Explosive . | . . Electromagnetic 177 | . 177 Impact . | . . Slashing 782 | . 782 Piercing . | . . Highest Corruption 4 | . 4 Average Corruption 2 | . 2 Corruption Purged . | . . Corruption Blocked . | . . Effects 3 | . 3 Message Errors 1 | . 1 Matter Fused 1 | . 1 Heat Flow Errors 1 | . 1 Overload Shots . | . . Overflow Damage 39 | . 39 Projectiles . | . . Explosions 26 | . 26 Melee 13 | . 13 Knockbacks . | . . Impact . | . . Kinetic . | . . Secondary . | . . Self-Inflicted Damage 363 | . 363 Shots 8 | . 8 Rammed . | . . Targets Rammed . | . . Kicked . | . . Crushed . | . . Highest Temperature 260 | 160 260 Average Temperature 92 | 56 124 Received Heat Transfer 372 | . 372 Effects 3 | . 3 Interference 3 | . 3 Siege Activations . | . . Martial Activations . | . . Shielding Activations . | . . Robots Disrupted . | . . Combat Hostiles . | . . Robots Corrupted . | . . Combat Hostiles . | . . Parts Fried . | . . Impact Corruptions . | . . Robots Melted . | . . Combat Hostiles . | . . Parts Melted . | . . Heat Transferred 1147 | 666 481 Parts Sabotaged . | . . Parts Stolen . | . . Parts Stripped . | . . Power Chain Reactions . | . . Alert | -11 -10 ------- Run | Yrd Mat Maximum Alert Level . | . . Low Security (%) 100 | 100 100 Level 1 . | . . Level 2 . | . . Level 3 . | . . Level 4 . | . . Level 5 . | . . High Security . | . . Max Security . | . . Peak Influence 190 | 10 190 Initial . | . . Average 36 | 1 43 Influence Increases 574 | 30 544 Destroy 0b10 Robot/C 240 | . 240 Destroy 0b10 Robot/NC 55 | 30 25 Destroy Leader 54 | . 54 Successful Hack 5 | . 5 Disable Machine 180 | . 180 Destroy Structure 10 | . 10 Lose Combat Pursuer 30 | . 30 Influence Decreases 401 | 30 371 Time Decay 311 | 30 281 Lost Part 90 | . 90 Squads Dispatched 2 | . 2 Investigation 1 | . 1 Extermination . | . . Reinforcement 1 | . 1 Assault . | . . Garrison . | . . Intercept . | . . Searches Triggered . | . . Construction Impeded . | . . Haulers Reinforced . | . . Active Scanning Responses . | . . Cargo Convoy Interrupts . | . . Stealth | -11 -10 --------- Run | Yrd Mat Distress Signals 1 | . 1 Communications Jammed . | . . Distress Signals . | . . Times Spotted 23 | . 23 Peak Tracking Total 4 | . 4 Tactical Retreats 1 | . 1 Traps | -11 -10 ------- Run | Yrd Mat Traps Triggered 2 | . 2 Indirectly . | . . Trap Hack Attempts . | . . Triggered . | . . Disarmed . | . . Reprogrammed . | . . Reused . | . . Traps Extracted . | . . Installed . | . . Triggered . | . . Machines | -11 -10 ---------- Run | Yrd Mat Machines Disabled 12 | . 12 Max in Single Turn 5 | . 5 Machines Repaired . | . . Machines Dismantled . | . . Machines Sabotaged . | . . Overloaded Fab Kills . | . . Hacking | -11 -10 --------- Run | Yrd Mat Machines Accessed 3 | . 3 Terminals 3 | . 3 Fabricators . | . . Repair Stations . | . . Recycling Units . | . . Scanalyzers . | . . Garrison Access . | . . Total Hacks 8 | . 8 Successful 3 | . 3 Failed 5 | . 5 Catastrophic . | . . Database Lockouts . | . . Manual 7 | . 7 Terminals 8 | . 8 Fabricators . | . . Repair Stations . | . . Recycling Units . | . . Scanalyzers . | . . Garrison Access . | . . Terminal Hacks . | . . Fabricator Hacks . | . . Repair Station Hacks . | . . Recycling Unit Hacks . | . . Scanalyzer . | . . Garrison Access Hacks . | . . Unauthorized Hacks 3 | . 3 Terminals 3 | . 3 Botnet 2 | . 2 Skim 1 | . 1 Fabricators . | . . Repair Stations . | . . Recycling Units . | . . Scanalyzers . | . . Garrison Access . | . . Data Cores Recovered . | . . Used . | . . Hacking Detections 3 | . 3 Full Trace Events 1 | . 1 Feedback Events . | . . Feedback Blocked . | . . Robot Schematics Acquired . | . . Robots Built . | . . Authchips . | . . Time . | . . Total Robot Build Rating . | . . Part Schematics Acquired . | . . Parts Built . | . . Authchips . | . . Time . | . . Total Part Build Rating . | . . Part Studies Acquired . | . . Parts Repaired . | . . Time . | . . Parts Recycled . | . . Recycled Matter . | . . Retrieved Matter . | . . Retrieved Components . | . . Parts Scanalyzed . | . . Part Schematics Acquired . | . . Parts Damaged . | . . Bothacking | -11 -10 ------------ Run | Yrd Mat Used RIF Installer . | . . Robots Hacked . | . . Non-combat . | . . Combat . | . . Robot Hacks Applied . | . . Relay Couplers Released . | . . Fabnet Peak Effective % . | . . Robots Rewired . | . . Allies Hacked . | . . Hacks Repelled . | . . Allies | -11 -10 -------- Run | Yrd Mat Total Allies . | . . Largest Group . | . . Highest-Rated Group . | . . Highest-Rated Ally . | . . Total Orders . | . . Ally Attacks . | . . Total Damage . | . . Kills . | . . Allies Corrupted . | . . Allies Melted . | . . Intel | -11 -10 ------- Run | Yrd Mat Active Infowar (turns) 670 | . 670 Seismic 670 | . 670 Robot Analysis Total . | . . Derelict Logs Recovered . | . . Drone Launches . | . . Drone Recoveries . | . . Exploration | -11 -10 ------------- Run | Yrd Mat Turns Passed 1061 | 175 886 Spaces Moved 410 | 67 343 Core 9 | . 9 Treads 401 | 67 334 Legs . | . . Wheels . | . . Hover . | . . Flight . | . . Fastest Speed 150 | 160 150 Average Speed 160 | 160 160 Slowest Speed 200 | 160 200 Overloaded Moves . | . . Propulsion Burnouts . | . . Robots Hopped . | . . Potential Cave-ins . | . . Cave-ins Triggered . | . . Exploration Rate (%) 30 | 5 56 Regions Visited 1 Branch Regions . Pre-discovered Areas . | . . Known Exits Taken . | . . Unknown Exits Taken 1 | 1 . Scrap Searched . | . . Spaces Dug . | . . Terrain Destroyed 10 | . 10 Melee . | . . Projectile . | . . AOE 10 | . 10 Terrain Rammed . | . . Walls Destroyed . | . . Machines Disabled . | . . Actions | -11 -10 --------- Run | Yrd Mat Total 604 | 94 510 Wait 57 | 2 55 Move 409 | 66 343 Hop . | . . Pick Up 8 | 2 6 Fast Attach 1 | . 1 Attach 4 | . 4 Detach . | . . Swap 9 | 2 7 Drop 6 | . 6 Fire 44 | 22 22 Melee 66 | . 66 Ram . | . . Kick . | . . Crush . | . . Escape Stasis . | . . Rewire . | . . Trap . | . . Miscellaneous . | . . Route ------- -11/Scrapyard -10/Materials (discovered 1 exit: [*Mat]) History --------- Turn | Location | Event 13 | -11/Scrapyard | Discovered new exit (range 3) 176 | -11/Scrapyard | Entered Materials 307 | -10/Materials | Build established: Mutant 773 | -10/Materials | Discovered new exit (range 15) 978 | -10/Materials | Core integrity fell below 50% 1007 | -10/Materials | Core integrity fell below 20% 1062 | -10/Materials | Destroyed self via exploding Neutrino Reactor Last Messages --------------- 01016_ U-05 Engineer lays Concrete. 01018_ R-06 Scavenger collects Aluminum Leg. 01019_ U-05 Engineer lays Concrete. 01023_ R-06 Scavenger collects Corrupted Heat Sink. 01023_ U-05 Engineer lays Concrete. 01028_ R-06 Scavenger collects Aluminum Leg. 01028_ U-05 Engineer lays Concrete. 01029_ R-06 Scavenger collects Corrupted Aluminum Leg. 01029_ U-05 Engineer lays Concrete. 01032_ R-06 Scavenger collects Sml. Laser. 01032_ U-05 Engineer lays Concrete. 01034_ Neutrino Reactor explodes. 01034_ Seismic Detector destroyed. 01034_ Destroyed Seismic Detector. 01042_ System corrupted: Heat flow error (+284). 01062_ Neutrino Reactor explodes. 01062_ Mining Claw destroyed. 01062_ Destroyed Mining Claw. Map ----- +----------------------------------------------------+ | ????????????????????????????????????????????????? | | ????????????????????????????????????????????????? | | ????????????????????????????????????????????##### | | ????????????????????????????????????????????# | | ????????????????????????????????????????????# | | ????????????????????????????????????????????# | | ???????????????????? ?????????????????????# | | ???????????????????# ?????????????????????# | | ???????????????????# #????????????????????# | | ???????????????????# #????????????????????# | | ???????????????????# #??###########????????? | | ???????????????????# ### ########+ | | ???????????????????# | | ????????????##+##### | | ????????????# r | | ????????????# #### | | ????????????# """"" """ ####+ | | ????????????# " T" """ ## | | ????????????# """ ## | | ????????????# ## | | ?????##+##### % ## | | ?????# % """ ## | | ?????# """ ## | | ?????# """ ## | | ?????# ## | | ?????# @ r ## | | ?????# """ ## | | ?????# "T ## | | ?????# """ ##### | | ?????# | | ?????# m % | | ?????# ### # # #### % | | ?????# ?? # #??# ##########+###### | | ?????????# o ###??# ###?????# % #? | | ?????????# #????#######???????# """ #? | | ?????????# """ """ #???????####???????# """ #? | | ?????????# """ """ #??????????????????# """ ## | | ?????????# """ """ #??????????????????# / | | ?????????#?? #??????????????????# """ ## | | ????????????? ??? #??????????????????# T" #? | | ????????????###???##??????????????????# """ #? | | ??????????????????????????????????????# #? | | ??????????????????????????????????????##########? | | ????????????????????????????????????????????????? | | | | | | | | | | | | | +----------------------------------------------------+ Best States ------------- Heat Dissipation 25 Energy Generation 10 Energy Capacity 250 Matter Stores 300 Matter Capacity 300 Sight Range 16 Terrain Scan Density 10 Evasion (%) 40 Recoil Reduction 2 Item Schematics ----------------- None Robot Schematics ------------------ None Fabricated ------------ Nothing Repaired ---------- Nothing Studied --------- None Alien Tech Used ----------------- None Achievements -------------- Hey, That's Mine! Challenges ------------ None Game ------ Seed NetworkRelayInjector Manual? 0 Play Time 00:13:05 Cumulative 15.5 hours Start 2026.01.25 @ 17:57:22 End 2026.01.25 @ 18:09:17 Sessions 1 Manual Loads 0 Difficulty Rogue Special Mode None Game No. 12 Rogue 11 Adventurer 0 Explorer 1 Win Type - Total 3 Types 2/0/0/1/0/0/0/0/0/0 Lore% 30 Gallery% 27 Achievement% 24 Wizard Run 0 Options --------- Layout 1 ASCII 0 Keyboard 0 Movement Mouse Keybinds 0 Fullscreen 1 Font 24/Smallcaps Map View 50x35 Zoom Use 0% Tactical HUD 1 Map Filters NONE Filters NONE Steam 1 RUN: 5a74b754-7ab2-436e-b85f-ecd326447128